[Event "Titled Tuesday Blitz January 03 Late 2023"]
[White "Sariego Figueredo, Wilfredo"]
[Black "Papayan, Oleg"]
[WhiteFideId "3500080"]
[BlackFideId "4193911"]
[WhiteElo "2318"]
[BlackElo "2253"]
[Result "0-1"]
[Round "09"]
[TimeControl "180+2"]
[Date "2023.01.03"]
[WhiteClock "0:00:03"]
[BlackClock "0:00:23"]

1. d4 Nf6 2. Bf4 d5 3. e3 c5 4. c3 Nc6 5. Nd2 Qb6 6. Qb3 c4 7. Qxb6 axb6 8. Ngf3 b5 9. Be2 b4 10. O-O bxc3 11. bxc3 Ra3 12. Nb1 Ra5 13. a4 Bf5 14. Nbd2 e6 15. Rfc1 h6 16. Ne5 Nxe5 17. Bxe5 Kd7 18. Ra2 Be7 19. Rca1 Rha8 20. h3 b5 21. Bd1 b4 22. cxb4 Bxb4 23. Nf3 Ne8 24. Bg3 f6 25. Bc2 Bxc2 26. Rxc2 Rxa4 27. Rxa4 Rxa4 28. Kh2 Nd6 29. Bxd6 Kxd6 30. Ng1 e5 31. Ne2 Ra3 32. dxe5+ fxe5 33. Kg3 Kc5 34. Kg4 g6 35. Nc1 d4 36. exd4+ exd4 37. Re2 d3 0-1


[Site "https://www.chess.com"]

[Event "Titled Tuesday Blitz January 03 Late 2023"]
[White "Gasparyan, David"]
[Black "Fernandez Hernandez, Gerardo"]
[WhiteFideId "13311980"]
[BlackFideId "2207400"]
[WhiteElo "2142"]
[BlackElo "2181"]
[Result "1-0"]
[Round "09"]
[TimeControl "180+2"]
[Date "2023.01.03"]
[WhiteClock "0:00:43"]
[BlackClock "0:00:01"]

1. c4 e5 2. g3 Nc6 3. Bg2 f5 4. Nc3 Nf6 5. d3 Bb4 6. Nf3 Bxc3+ 7. bxc3 O-O 8. O-O d6 9. Rb1 Qe8 10. d4 e4 11. Ne1 Qh5 12. f3 b6 13. Nc2 Ba6 14. Ne3 Na5 15. Qa4 Qe8 16. Qxe8 Rfxe8 17. Nxf5 exf3 18. Bxf3 Rad8 19. Bg5 Bxc4 20. Rb2 d5 21. Rf2 Rd7 22. Bxf6 gxf6 23. Bh5 Re4 24. Bf3 Re8 25. Bg4 Rdd8 26. Rf4 Re4 27. e3 Rde8 28. Bh5 Rxf4 29. gxf4 Rd8 30. Rg2+ Kh8 31. Nh6 Rf8 32. Nf7+ Rxf7 33. Bxf7 h6 34. Rg8+ Kh7 35. Rd8 c6 36. f5 Kg7 37. Be6 Bxa2 38. Rd7+ Kh8 39. Rxa7 Bb1 40. Rf7 Nc4 41. Rxf6 Nxe3 42. Rxh6+ Kg7 43. Rg6+ Kh7 44. Rg5 Kh6 45. h4 Nd1 46. Rg3 Be4 47. f6 b5 48. f7 1-0


[Site "https://www.chess.com"]

[Event "Titled Tuesday Blitz January 03 Late 2023"]
[White "Graham, Nathaniel"]
[Black "Lorenzo De La Riva, Lazaro"]
[WhiteFideId "2007983"]
[BlackFideId "2268809"]
[WhiteElo "2262"]
[BlackElo "2404"]
[Result "0-1"]
[Round "09"]
[TimeControl "180+2"]
[Date "2023.01.03"]
[WhiteClock "0:00:05"]
[BlackClock "0:01:46"]

1. e4 c6 2. d4 Na6 3. Nd2 Nc7 4. Ngf3 d5 5. Bd3 g6 6. O-O Bg7 7. h3 Nh6 8. c3 f6 9. Re1 O-O 10. Qc2 Nf7 11. e5 f5 12. c4 e6 13. b3 h6 14. Ba3 Re8 15. cxd5 Nxd5 16. Nc4 Bf8 17. Bxf8 Kxf8 18. h4 Kg7 19. Rac1 a5 20. Qd2 g5 21. hxg5 hxg5 22. g3 g4 23. Nh4 Rh8 24. Kg2 b5 25. Nd6 Bd7 26. Nxf7 Kxf7 27. Rh1 Rc8 28. Rh2 c5 0-1


[Site "https://www.chess.com"]

[Event "Titled Tuesday Blitz January 03 Late 2023"]
[White "Zakarian, David"]
[Black "Curtis, John"]
[WhiteFideId "13301276"]
[BlackFideId "3200256"]
[WhiteElo "2306"]
[BlackElo "2292"]
[Result "1-0"]
[Round "09"]
[TimeControl "180+2"]
[Date "2023.01.03"]
[WhiteClock "0:00:10"]
[BlackClock "0:00:01"]

1. e4 c5 2. Nf3 d6 3. Bb5+ Nd7 4. O-O e6 5. Re1 a6 6. Bf1 b5 7. a4 b4 8. d4 cxd4 9. Qxd4 a5 10. Bg5 Ngf6 11. Nbd2 Ba6 12. Nc4 Bxc4 13. Bxc4 Be7 14. Rad1 O-O 15. b3 Rc8 16. h3 Qc7 17. Bh4 Nb6 18. Bd3 Qc5 19. Qa1 Qc3 20. Qc1 Rfd8 21. Re3 Qc7 22. Nd4 d5 23. Nb5 Qb7 24. e5 Ne8 25. Bxe7 Qxe7 26. Rg3 g6 27. Qh6 Nd7 28. Re1 Nc5 29. h4 Nxd3 30. cxd3 Qf8 31. Qf4 Qg7 32. h5 Rc5 33. d4 Rc2 34. Qh4 Rdc8 35. h6 Qf8 36. Qg5 R2c6 37. Rf3 Rb6 38. Rc1 Rxc1+ 39. Qxc1 Rb8 40. g4 Qe7 41. g5 1-0


[Site "https://www.chess.com"]

[Event "Titled Tuesday Blitz January 03 Late 2023"]
[White "Papp, Petra"]
[Black "Mazurkiewicz, Michal"]
[WhiteFideId "739049"]
[BlackFideId "1124943"]
[WhiteElo "2343"]
[BlackElo "2145"]
[Result "1-0"]
[Round "09"]
[TimeControl "180+2"]
[Date "2023.01.03"]
[WhiteClock "0:00:16"]
[BlackClock "0:00:11"]

1. d4 Nf6 2. Nc3 d5 3. Bf4 Bf5 4. f3 e6 5. g4 Bg6 6. h4 Bd6 7. Bxd6 Qxd6 8. h5 Qg3+ 9. Kd2 Nxg4 10. fxg4 Be4 11. Nxe4 dxe4 12. Bh3 Nc6 13. c3 e5 14. Qe1 e3+ 15. Kc2 Qf4 16. Rd1 Qe4+ 17. Rd3 Qxh1 18. d5 Ne7 19. Qg3 O-O-O 20. d6 Rxd6 21. Rxd6 cxd6 22. Bg2 Nf5 23. gxf5 Qxh5 24. Nf3 Qxf5+ 25. Kc1 g6 26. Bh3 Qxh3 27. Qxh3+ f5 28. Ng5 h5 29. Qxe3 h4 30. Qh3 Kd7 31. Nf3 Kc7 32. Ng5 Rh5 33. Nf3 e4 34. Nxh4 g5 35. Qxf5 Rxh4 36. Qxg5 Rh7 37. Qf5 Re7 38. e3 Kd8 39. Kd2 Kc7 40. Qd5 Re5 41. Qf7+ Kc6 42. Kc2 a6 43. b4 Rd5 44. Kb3 Rd3 45. Qc4+ Kb6 46. Qxe4 Rd1 47. Kc2 Rg1 48. Qe7 Kc6 49. Qe4+ Kb6 50. Qe8 Rg2+ 51. Kb3 Re2 52. a4 Kc7 53. Qe7+ Kc6 54. Qe4+ Kb6 55. Qd4+ Kc7 56. Qc4+ Kd7 57. Qxe2 b5 58. Qd2 bxa4+ 59. Kxa4 a5 60. Kxa5 d5 61. b5 Ke6 62. Qxd5+ Kxd5 63. Ka6 Kc5 64. b6 Kc4 65. b7 Kb3 66. b8=Q+ Kc2 67. e4 Kd3 68. e5 Ke4 69. e6 Kd5 70. e7 Kc4 71. e8=Q Kd3 72. Qd7+ Kc2 73. Qh2+ Kc1 74. Qdd2+ 1-0


[Site "https://www.chess.com"]

[Event "Titled Tuesday Blitz January 03 Late 2023"]
[White "qiaohu_henry"]
[Black "Liu, Casper"]
[BlackFideId "1454153"]
[WhiteElo "2253"]
[BlackElo "2278"]
[Result "1-0"]
[Round "09"]
[TimeControl "180+2"]
[Date "2023.01.03"]
[WhiteClock "0:00:18"]
[BlackClock "0:00:20"]

1. d4 f5 2. g3 c5 3. dxc5 e6 4. Be3 Na6 5. Bg2 Nxc5 6. Nf3 Nf6 7. O-O Nce4 8. c4 Ng4 9. Bd4 Bc5 10. Bxc5 Nxc5 11. h3 Nf6 12. Nc3 O-O 13. Nd4 Rb8 14. Ndb5 a6 15. Nd6 a5 16. a3 b6 17. b4 axb4 18. axb4 Na6 19. Qb3 Qe7 20. Nxc8 Qxb4 21. Qxb4 Nxb4 22. Nd6 g5 23. e3 e5 24. Rab1 Nd3 25. Nd5 e4 26. Nxf6+ Rxf6 27. Nb5 Rc8 28. f3 Re6 29. fxe4 fxe4 30. Nd4 Ree8 31. Rxb6 Rxc4 32. Rb5 h6 33. h4 gxh4 34. gxh4 Kh8 35. Rh5 Kh7 36. Rhf5 Rg8 37. Rf7+ Kh8 38. Kh1 Ra4 39. Bxe4 Rg3 40. Rf8+ Kg7 41. R1f7# 1-0


[Site "https://www.chess.com"]

[Event "Titled Tuesday Blitz January 03 Late 2023"]
[White "Vifleemskaia, Svetlana"]
[Black "Hernandez Sanchez, Elvis De La Caridad"]
[WhiteFideId "4129490"]
[BlackFideId "6400353"]
[WhiteElo "1971"]
[BlackElo "2243"]
[Result "1/2-1/2"]
[Round "09"]
[TimeControl "180+2"]
[Date "2023.01.03"]
[WhiteClock "0:00:05"]
[BlackClock "0:00:04"]

1. d4 Nf6 2. c4 g6 3. Nc3 Bg7 4. e4 d6 5. Nge2 h5 6. Bg5 h4 7. h3 Rh5 8. Qd2 a6 9. g4 hxg3 10. Nxg3 Rh8 11. Bg2 Nc6 12. d5 Ne5 13. Qe2 b5 14. cxb5 axb5 15. Qxb5+ c6 16. dxc6 Ba6 17. c7+ Qd7 18. c8=Q+ Bxc8 19. Qxd7+ Bxd7 20. O-O Bxh3 21. Bxf6 Bxf6 22. Nd5 Rb8 23. Nxf6+ exf6 24. b3 Ke7 25. Bxh3 Rxh3 26. Kg2 Rh4 27. Rh1 Rf4 28. Rab1 Nd3 29. Rhf1 Ra8 30. a4 Nc5 31. f3 Rb8 32. Ne2 Rh4 33. Nd4 Kd7 34. a5 Na6 35. Rfc1 Rb4 36. Rc4 Rh5 37. Rxb4 Nxb4 38. Ra1 Na6 39. b4 Nxb4 40. a6 Rh8 41. a7 Ra8 42. Kf2 Nc6 43. Nb5 Ne5 44. Ke3 Kc6 45. Rb1 Nc4+ 46. Kd4 Nb6 47. f4 Nd7 48. Kc4 Nb6+ 49. Kb4 Nd7 50. Rc1+ Nc5 51. Rd1 Nb7 52. Rc1+ Nc5 53. Re1 g5 54. fxg5 fxg5 55. Rf1 g4 56. Rxf7 Nxe4 57. Rf4 d5 58. Rxg4 d4 59. Rg6+ Kb7 60. Rg7+ Kb6 61. Rg6+ Kb7 62. Rg7+ Kb6 63. Rg4 Nf6 64. Rxd4 Ne8 65. Re4 Nc7 66. Re5 Nxb5 67. Rxb5+ Kxa7 68. Ra5+ Kb7 69. Rxa8 Kxa8 1/2-1/2


[Site "https://www.chess.com"]

[Event "Titled Tuesday Blitz January 03 Late 2023"]
[White "Corredor Castellanos, Camilo"]
[Black "Eisa Mohmood, Alkhoori"]
[WhiteFideId "4425871"]
[BlackFideId "9316116"]
[WhiteElo "1957"]
[BlackElo "1095"]
[Result "1/2-1/2"]
[Round "09"]
[TimeControl "180+2"]
[Date "2023.01.03"]
[WhiteClock "0:02:45"]
[BlackClock "0:02:28"]

1. d4 Nf6 2. c4 g6 3. Nf3 Bg7 4. Nc3 d5 5. cxd5 Nxd5 6. e4 Nxc3 7. bxc3 c5 8. Be3 Qa5 9. Nd2 O-O 10. Nb3 Qxc3+ 11. Bd2 Qb2 12. Bc1 Qc3+ 13. Bd2 Qb2 14. Bc1 Qc3+ 15. Bd2 1/2-1/2


[Site "https://www.chess.com"]

[Event "Titled Tuesday Blitz January 03 Late 2023"]
[White "Sloan, Julia Elizabeth"]
[Black "Bochnicka, Vladimir"]
[WhiteFideId "2018950"]
[BlackFideId "14943450"]
[WhiteElo "2087"]
[BlackElo "2327"]
[Result "0-1"]
[Round "09"]
[TimeControl "180+2"]
[Date "2023.01.03"]
[WhiteClock "0:01:40"]
[BlackClock "0:01:02"]

1. d4 Nf6 2. c4 g6 3. f3 Bg7 4. e4 O-O 5. Nc3 d6 6. Bg5 h6 7. Bf4 Nbd7 8. Qd3 e5 9. Be3 c6 10. d5 c5 11. Qd2 a6 12. Bxh6 Rb8 13. h4 Nh5 14. Bxg7 Kxg7 15. Nge2 b5 16. g4 Nf4 17. Nxf4 exf4 18. cxb5 Ne5 19. Qxf4 axb5 20. h5 g5 21. Qe3 Qf6 22. Be2 b4 23. Nd1 Kh6 24. O-O Qf4 25. Qxf4 gxf4 26. Nf2 c4 27. Rfc1 Ba6 28. Nh3 c3 29. Bxa6 cxb2 30. Rab1 bxc1=Q+ 31. Rxc1 Ra8 32. Bc4 Rfc8 33. Nxf4 Rxa2 34. Bxa2 Rxc1+ 35. Kf2 Rc2+ 36. Ke3 Rxa2 37. Nd3 Ra3 0-1


[Site "https://www.chess.com"]

[Event "Titled Tuesday Blitz January 03 Late 2023"]
[White "Smith, Garrett L"]
[Black "Pesotskiy, Mikhail"]
[WhiteFideId "2024829"]
[BlackFideId "34164453"]
[WhiteElo "2047"]
[BlackElo "2153"]
[Result "0-1"]
[Round "09"]
[TimeControl "180+2"]
[Date "2023.01.03"]
[WhiteClock "0:00:23"]
[BlackClock "0:01:22"]

1. e4 e6 2. d4 d5 3. Nc3 Nf6 4. e5 Nfd7 5. f4 c5 6. Nf3 Nc6 7. Be3 Qb6 8. Na4 Qa5+ 9. c3 cxd4 10. b4 Qd8 11. Nxd4 Nxd4 12. Bxd4 Be7 13. Bd3 O-O 14. O-O f5 15. Qd2 Nb6 16. Nc5 Nc4 17. Qe2 b6 18. Nb3 Qc7 19. Kh1 Bd7 20. Rac1 a5 21. bxa5 bxa5 22. Rf3 a4 23. Nd2 Rfc8 24. Nxc4 dxc4 25. Bc2 Rab8 26. Rh3 Be8 27. Rg3 Rb2 28. Rb1 Rcb8 29. Rxb2 Rxb2 30. Rf3 a3 0-1


[Site "https://www.chess.com"]

[Event "Titled Tuesday Blitz January 03 Late 2023"]
[White "Roman, Rodrigo"]
[Black "Souza, Gustavo Horokoski De"]
[WhiteFideId "3701220"]
[BlackFideId "2146584"]
[WhiteElo "2058"]
[BlackElo "1943"]
[Result "1-0"]
[Round "09"]
[TimeControl "180+2"]
[Date "2023.01.03"]
[WhiteClock "0:01:18"]
[BlackClock "0:00:07"]

1. Nf3 Nf6 2. g3 g6 3. Bg2 Bg7 4. O-O O-O 5. d4 d6 6. c4 c5 7. d5 e6 8. Nc3 exd5 9. Nxd5 Nxd5 10. Qxd5 Nc6 11. Bg5 Qc7 12. Bf4 Ne5 13. Nxe5 dxe5 14. Be3 Be6 15. Qxb7 Qxb7 16. Bxb7 Rab8 17. Bd5 Rxb2 18. Bxe6 fxe6 19. Bxc5 Rc8 20. Bxa7 Rxc4 21. a4 Rb7 22. Be3 e4 23. Ra2 Bd4 24. Bxd4 Rxd4 25. a5 Ra7 26. a6 Rd6 27. Rfa1 Kf7 28. Ra4 Kf6 29. Kg2 Kf5 30. e3 h5 31. h3 e5 32. Ra5 Rc6 33. R1a4 Rf6 34. g4+ hxg4 35. hxg4+ Kxg4 36. Rxe5 g5 37. Rexe4+ Kh5 38. Re5 Raxa6 39. Rxa6 Rxa6 40. f4 Rg6 41. Kf3 Kh4 42. Rxg5 Ra6 43. Rg8 Kh5 44. f5 Kh6 45. Rg6+ Rxg6 46. fxg6 Kxg6 47. Ke4 Kf6 48. Kd5 Kf7 49. Kd6 Kf8 50. e4 Ke8 51. Ke6 Kf8 52. Kd7 1-0


[Site "https://www.chess.com"]

[Event "Titled Tuesday Blitz January 03 Late 2023"]
[White "Jorajuria Mendoza, Algol"]
[Black "Harish, Neeraj"]
[WhiteFideId "5128897"]
[BlackFideId "30958130"]
[WhiteElo "2069"]
[BlackElo "2232"]
[Result "0-1"]
[Round "09"]
[TimeControl "180+2"]
[Date "2023.01.03"]
[WhiteClock "0:01:46"]
[BlackClock "0:01:44"]

1. e4 c5 2. Nf3 Nc6 3. Bb5 g6 4. O-O Bg7 5. c3 e5 6. d4 cxd4 7. cxd4 exd4 8. Bf4 a6 9. Ba4 Nge7 10. Bd6 b5 11. Bb3 Bb7 12. Re1 Nc8 13. e5 Nxd6 14. exd6+ Kf8 15. Nbd2 Bf6 16. Bd5 Kg7 17. Ne4 Na5 18. Bxb7 Nxb7 19. Nxd4 Re8 20. Qd3 Rc8 21. Rad1 Nc5 22. Nxc5 Rxc5 23. b3 Rxe1+ 24. Rxe1 Rd5 0-1


[Site "https://www.chess.com"]

[Event "Titled Tuesday Blitz January 03 Late 2023"]
[White "Liu, Kelsey"]
[Black "Tamarozi, Isabelle"]
[WhiteFideId "30944481"]
[BlackFideId "2132400"]
[WhiteElo "2065"]
[BlackElo "1982"]
[Result "0-1"]
[Round "09"]
[TimeControl "180+2"]
[Date "2023.01.03"]
[WhiteClock "0:01:32"]
[BlackClock "0:00:40"]

1. e4 c5 2. Nf3 Nc6 3. Bb5 g6 4. O-O Bg7 5. c3 Nf6 6. Re1 O-O 7. d4 cxd4 8. cxd4 d5 9. e5 Ne4 10. Nc3 Nxc3 11. bxc3 Qa5 12. Qb3 Bg4 13. Re3 Bxf3 14. Rxf3 f6 15. Qxd5+ Kh8 16. exf6 Rxf6 17. Bxc6 Qb6 18. Rxf6 Bxf6 19. Ba4 Rd8 20. Qf3 Qa5 21. Bb3 Bxd4 22. cxd4 Qe1# 0-1


[Site "https://www.chess.com"]

[Event "Titled Tuesday Blitz January 03 Late 2023"]
[White "Schill, William"]
[Black "Slavin, Alexey"]
[WhiteFideId "2016710"]
[BlackFideId "24104388"]
[WhiteElo "2147"]
[BlackElo "2364"]
[Result "0-1"]
[Round "09"]
[TimeControl "180+2"]
[Date "2023.01.03"]
[WhiteClock "0:00:01"]
[BlackClock "0:00:47"]

1. e4 Nc6 2. Nf3 d6 3. d4 Nf6 4. d5 Ne5 5. Nxe5 dxe5 6. Nc3 a6 7. a4 e6 8. Bg5 Be7 9. dxe6 Bxe6 10. Be2 c6 11. Qxd8+ Rxd8 12. O-O h6 13. Be3 Bb4 14. f3 O-O 15. Rfd1 Ba5 16. Bc5 Rfe8 17. b4 Bc7 18. b5 axb5 19. axb5 Rd7 20. bxc6 bxc6 21. Be3 Red8 22. Rxd7 Rxd7 23. Rd1 Kf8 24. Rxd7 Nxd7 25. Nd1 Ke7 26. Nb2 Bb6 27. Kf2 g6 28. Bc4 Bxe3+ 29. Kxe3 f5 30. Bxe6 Kxe6 31. Nd3 Nb6 32. Kd2 Nc4+ 33. Ke2 Kd6 34. h3 f4 35. Nf2 Ne3 36. Ng4 Nxc2 37. Nxh6 c5 38. Nf7+ Ke6 39. Nd8+ Kd7 40. Nf7 Nd4+ 41. Kf2 Nc6 42. Nh8 Ne7 43. Nf7 Ke6 44. Nd8+ Kf6 0-1


[Site "https://www.chess.com"]

[Event "Titled Tuesday Blitz January 03 Late 2023"]
[White "Savic, Miroslav"]
[Black "Jenkins, Drake"]
[WhiteFideId "14508494"]
[BlackFideId "2022397"]
[WhiteElo "2167"]
[BlackElo "2130"]
[Result "0-1"]
[Round "09"]
[TimeControl "180+2"]
[Date "2023.01.03"]
[WhiteClock "0:00:03"]
[BlackClock "0:00:12"]

1. Nf3 Nf6 2. c4 c5 3. Nc3 d5 4. g3 d4 5. Na4 Qa5 6. b3 Bd7 7. Nb2 Nc6 8. Bg2 e5 9. O-O h6 10. d3 Bd6 11. e3 dxe3 12. fxe3 Rd8 13. Kh1 O-O 14. Bd2 Qc7 15. Bc3 Ng4 16. Qe2 e4 17. dxe4 Nge5 18. Nh4 Bg4 19. Qc2 g6 20. h3 Bc8 21. Rad1 Nb4 22. Bxb4 cxb4 23. Rd5 Be6 24. g4 Bxd5 25. exd5 b5 26. Be4 Kg7 27. Qf2 Qe7 28. cxb5 Qg5 29. Nc4 Nxc4 30. bxc4 Rde8 31. Qf3 Qe5 32. Bc2 Qh2# 0-1


[Site "https://www.chess.com"]

[Event "Titled Tuesday Blitz January 03 Late 2023"]
[White "Lutz, Igor Oscar"]
[Black "Clawitter, Craig"]
[WhiteFideId "2110806"]
[BlackFideId "2023105"]
[WhiteElo "1969"]
[BlackElo "2050"]
[Result "0-1"]
[Round "09"]
[TimeControl "180+2"]
[Date "2023.01.03"]
[WhiteClock "0:00:16"]
[BlackClock "0:00:39"]

1. d4 e6 2. c4 Nf6 3. Nf3 d5 4. g3 Be7 5. Bg2 O-O 6. O-O dxc4 7. Nbd2 b5 8. a4 c6 9. axb5 cxb5 10. Ne5 Nd5 11. Qc2 Bb7 12. Be4 g6 13. Nxg6 fxg6 14. Bxg6 Nf6 15. Bxh7+ Nxh7 16. Qg6+ Kh8 17. Ne4 Bxe4 18. Qxe4 Qd5 19. Qg6 Qf5 20. Qh6 Nc6 21. e4 Qxe4 22. Ra6 Nxd4 23. Be3 Ne2# 0-1


[Site "https://www.chess.com"]

[Event "Titled Tuesday Blitz January 03 Late 2023"]
[White "Desideri, Ricardo Maruchi"]
[Black "Hernandez Bonilla, Amelia"]
[WhiteFideId "2110440"]
[BlackFideId "3900193"]
[WhiteElo "1959"]
[BlackElo "1960"]
[Result "0-1"]
[Round "09"]
[TimeControl "180+2"]
[Date "2023.01.03"]
[WhiteClock "0:00:01"]
[BlackClock "0:01:10"]

1. e4 c5 2. Nf3 d6 3. d4 cxd4 4. Nxd4 Nf6 5. Nc3 Nc6 6. Be3 e5 7. Nb3 Be6 8. f3 Be7 9. g4 d5 10. g5 Nxe4 11. fxe4 d4 12. Nd5 Bxd5 13. exd5 Qxd5 14. Rg1 Qe4 15. Qe2 Qxe3 16. Qxe3 dxe3 17. O-O-O Rd8 18. Re1 a5 19. Rxe3 a4 20. Nd2 Bc5 21. Reg3 Bxg1 22. Rxg1 O-O 23. Bd3 Rd4 24. a3 Re8 25. Ne4 Rc8 26. Kd2 Ne7 27. Rf1 Ng6 28. Ke3 Rcd8 29. h3 Nf4 30. h4 Nxd3 31. cxd3 Rxd3+ 32. Ke2 Rb3 0-1


[Site "https://www.chess.com"]

[Event "Titled Tuesday Blitz January 03 Late 2023"]
[White "Gardezi, Arsal"]
[Black "Cruz Gomez, Miguel Angel"]
[WhiteFideId "30949521"]
[BlackFideId "5137160"]
[WhiteElo "2093"]
[BlackElo "1950"]
[Result "1-0"]
[Round "09"]
[TimeControl "180+2"]
[Date "2023.01.03"]
[WhiteClock "0:00:12"]
[BlackClock "0:00:58"]

1. e4 c5 2. Nf3 e6 3. d4 cxd4 4. Nxd4 Nc6 5. Nxc6 bxc6 6. Nc3 d5 7. exd5 cxd5 8. Bd3 Nf6 9. O-O Be7 10. Bf4 O-O 11. Re1 Bd7 12. Qf3 Qb6 13. Be5 Rac8 14. Qh3 g6 15. Qf3 Ne8 16. Ne2 Bd6 17. Bd4 Bc5 18. Qf4 Bxd4 19. Nxd4 Qd6 20. Qh4 e5 21. Nf3 f6 22. Rad1 Be6 23. c4 d4 24. Rc1 Bf7 25. Qg3 Nc7 26. Nd2 Ne6 27. Ne4 Qd8 28. c5 Nf4 29. Bc4 Bxc4 30. Rxc4 f5 31. Nd6 Rxc5 32. Rxc5 Qxd6 33. Qb3+ Kg7 34. Rcxe5 d3 35. Re7+ Kh6 36. Qc3 Qf6 37. Qc7 Ne2+ 38. R1xe2 dxe2 39. Rxh7+ Kg5 40. Qg3# 1-0


[Site "https://www.chess.com"]

[Event "Titled Tuesday Blitz January 03 Late 2023"]
[White "Sabar, Ethmane Daouda"]
[Black "Saim, Mohamed Ilias"]
[WhiteFideId "19600097"]
[BlackFideId "7900465"]
[WhiteElo "2040"]
[BlackElo "2169"]
[Result "1/2-1/2"]
[Round "09"]
[TimeControl "180+2"]
[Date "2023.01.03"]
[WhiteClock "0:00:19"]
[BlackClock "0:00:38"]

1. e4 c6 2. d4 d5 3. Nc3 a6 4. Nf3 Bg4 5. h3 Bh5 6. exd5 cxd5 7. Bd3 Nc6 8. Be3 e6 9. O-O Bb4 10. Na4 Nf6 11. c3 Bd6 12. Nc5 Bxc5 13. dxc5 O-O 14. Bg5 Ne5 15. Be2 Bxf3 16. Bxf3 Nxf3+ 17. Qxf3 Rc8 18. b4 h6 19. Bh4 g5 20. Bg3 Ne4 21. Bh2 b6 22. Rfe1 bxc5 23. bxc5 Rxc5 24. Rac1 Qf6 25. Qe3 Rxc3 26. Rxc3 Qxc3 27. f4 Qxe3+ 28. Rxe3 gxf4 29. Bxf4 h5 30. Ra3 Ra8 31. Kf1 Kf8 32. Ke2 Ke7 33. Kf3 a5 34. g4 hxg4+ 35. Kxg4 a4 36. h4 Nd6 37. Bxd6+ Kxd6 38. Kg5 e5 39. Kf6 Ra7 40. h5 e4 41. h6 d4 42. h7 Ra8 43. Rxa4 Rh8 44. Rxd4+ Kc5 45. Rxe4 Rxh7 46. Re7 Rh6+ 47. Kxf7 Rh7+ 48. Ke8 Rxe7+ 49. Kxe7 Kb4 50. a4 Kxa4 1/2-1/2


[Site "https://www.chess.com"]

[Event "Titled Tuesday Blitz January 03 Late 2023"]
[White "Simonovic, Miroslav"]
[Black "Vargas, Mauricio"]
[WhiteFideId "919152"]
[BlackFideId "4404572"]
[WhiteElo "2082"]
[BlackElo "2035"]
[Result "1-0"]
[Round "09"]
[TimeControl "180+2"]
[Date "2023.01.03"]
[WhiteClock "0:00:18"]
[BlackClock "0:00:02"]

1. d4 d5 2. Bg5 h5 3. e3 f6 4. Bh4 g5 5. Bg3 h4 6. Bb5+ Nd7 7. Qd3 Nh6 8. Qg6+ Nf7 9. Be2 hxg3 10. Bh5 Rxh5 11. Qxh5 gxf2+ 12. Kxf2 Nb6 13. h4 Be6 14. hxg5 fxg5 15. Nf3 g4 16. Ne5 Qd6 17. Nc3 a6 18. Qg6 g3+ 19. Ke1 O-O-O 20. Nxf7 Bxf7 21. Qxf7 Nc4 22. Ke2 Nxb2 23. Rh8 Bh6 24. Rxd8+ Qxd8 25. Qe6+ Qd7 26. Qxh6 Qg4+ 27. Ke1 Kb8 28. Qf8+ Ka7 29. Qf3 Qg6 30. Rc1 Nc4 31. Nxd5 e6 32. Nf4 Qf7 33. Qxg3 Qe7 34. Qf2 Qb4+ 35. Kf1 Qb2 36. Nd3 Qxa2 37. Kg1 Qa5 38. e4 Nd6 39. d5+ b6 40. dxe6 Nxe4 41. Qf4 Nd6 42. e7 Qh5 43. Re1 1-0


[Site "https://www.chess.com"]

[Event "Titled Tuesday Blitz January 03 Late 2023"]
[White "ajedrez-facil"]
[Black "Oliveira, Tiago Batista"]
[BlackFideId "2108291"]
[WhiteElo "2103"]
[BlackElo "1991"]
[Result "0-1"]
[Round "09"]
[TimeControl "180+2"]
[Date "2023.01.03"]
[WhiteClock "0:01:00"]
[BlackClock "0:00:03"]

1. e4 c5 2. Nf3 d6 3. d4 cxd4 4. Qxd4 Nc6 5. Bb5 Bd7 6. Bxc6 Bxc6 7. Nc3 e6 8. Bg5 Qa5 9. O-O Qc5 10. Rad1 Qxd4 11. Rxd4 h6 12. Bh4 g5 13. Bg3 Rd8 14. Rfd1 Nf6 15. Bxd6 Bxd6 16. Rxd6 Rxd6 17. Rxd6 Nxe4 18. Rd3 Ke7 19. Nd4 Nxc3 20. Nxc6+ bxc6 21. Rxc3 Rd8 22. Kf1 Rd6 23. Ke2 f5 24. Rc5 Kf6 25. b4 e5 26. c3 Ke6 27. a4 e4 28. Ra5 Rd7 29. Ra6 Kd5 30. b5 cxb5 31. axb5 Kc4 32. b6 axb6 33. Rxb6 Kxc3 34. Rxh6 Rd2+ 35. Ke1 Rd5 36. h3 Kd3 37. Rg6 f4 38. Ra6 e3 39. Ra3+ Ke4 40. Ra4+ Rd4 41. Ra5 exf2+ 42. Kxf2 Rd2+ 43. Kf1 f3 44. Rxg5 Rd1+ 45. Kf2 Rd2+ 46. Kf1 Rd1+ 47. Kf2 Rd2+ 48. Kg1 Rd1+ 49. Kh2 f2 50. Rg4+ Ke3 51. Rg8 f1=Q 52. Re8+ Kd2 53. Rd8+ Ke1 54. Re8+ Kd2 55. Rd8+ Kc1 56. Rxd1+ Qxd1 57. g4 Qf3 58. g5 Qf2+ 59. Kh1 Qg3 60. h4 Qxh4+ 61. Kg2 Qxg5+ 0-1


[Site "https://www.chess.com"]

[Event "Titled Tuesday Blitz January 03 Late 2023"]
[White "Sailer, Mike"]
[Black "Dias, Joao Batista"]
[WhiteFideId "2012901"]
[BlackFideId "2108240"]
[WhiteElo "2109"]
[BlackElo "1796"]
[Result "1-0"]
[Round "09"]
[TimeControl "180+2"]
[Date "2023.01.03"]
[WhiteClock "0:01:26"]
[BlackClock "0:01:51"]

1. d4 d5 2. Bf4 e6 3. e3 Bd6 4. Bg3 Ne7 5. Bd3 g6 6. Nf3 Nf5 7. O-O Nxg3 8. hxg3 Nd7 9. c4 c6 10. cxd5 exd5 11. e4 dxe4 12. Bxe4 O-O 13. d5 Nf6 14. Re1 Nxe4 15. Rxe4 cxd5 16. Qxd5 Be6 17. Rxe6 fxe6 18. Qxe6+ Kg7 19. Nc3 Rf6 20. Qd5 Bc7 21. Qxb7 Rb8 22. Qxa7 Rxb2 23. Rd1 Qb8 24. Rd7+ Rf7 25. Qd4+ Kg8 26. Rxf7 Kxf7 27. Ng5+ Kg8 28. Qd5+ Kg7 29. Qd7+ Kf6 30. Nce4+ Ke5 31. f4# 1-0


[Site "https://www.chess.com"]

[Event "Titled Tuesday Blitz January 03 Late 2023"]
[White "Kho, Darrell"]
[Black "Marcolino, Daniel Mattos"]
[WhiteFideId "1019317"]
[BlackFideId "2106841"]
[WhiteElo "2075"]
[BlackElo "2006"]
[Result "1-0"]
[Round "09"]
[TimeControl "180+2"]
[Date "2023.01.03"]
[WhiteClock "0:00:24"]
[BlackClock "0:01:08"]

1. e4 e5 2. Nf3 Nc6 3. Nc3 Nf6 4. d4 exd4 5. Nxd4 Bb4 6. Nxc6 bxc6 7. Bd3 O-O 8. O-O d6 9. h3 Rb8 10. Qf3 Nd7 11. Qg3 Re8 12. Bg5 f6 13. Bh6 Qe7 14. Ne2 Ne5 15. Nd4 Nxd3 16. Nxc6 Qf7 17. Nxb8 Nxb2 18. Bxg7 Qxg7 19. Qb3+ Be6 20. Qxb4 Bxh3 21. Qb3+ Be6 22. Qxb2 Kh8 23. Nc6 Bh3 24. g3 Rxe4 25. Qb8+ Qg8 26. Qxg8+ Kxg8 27. Rfe1 Rc4 28. Nxa7 Rxc2 29. a4 1-0


[Site "https://www.chess.com"]

[Event "Titled Tuesday Blitz January 03 Late 2023"]
[White "Kollars, Dmitrij"]
[Black "Dardha, Daniel"]
[WhiteFideId "12909572"]
[BlackFideId "240990"]
[WhiteElo "2607"]
[BlackElo "2631"]
[Result "1/2-1/2"]
[Round "10"]
[TimeControl "180+2"]
[Date "2023.01.03"]
[WhiteClock "0:00:17"]
[BlackClock "0:00:02"]

1. e4 e5 2. Nf3 Nc6 3. Nc3 Nf6 4. d4 exd4 5. Nxd4 Bb4 6. Nxc6 bxc6 7. Bd3 d5 8. Bd2 O-O 9. O-O Bxc3 10. Bxc3 Nxe4 11. Bxe4 dxe4 12. Qe2 Bf5 13. Qe3 Qd6 14. Rad1 Qg6 15. Rd4 Rfd8 16. Rfd1 Rxd4 17. Rxd4 h6 18. Qg3 Qxg3 19. hxg3 e3 20. fxe3 Bxc2 21. Rc4 Re8 22. Rxc6 Rxe3 23. Bd4 Re2 24. Rxc7 Be4 25. Bf2 a5 26. Re7 f5 27. a4 Kf8 28. Bc5 Rxg2+ 29. Kf1 Rc2 30. Bd6 Kg8 31. Be5 g5 32. Rg7+ Kf8 33. Ra7 f4 34. gxf4 g4 35. Bd6+ Kg8 36. Be5 Kf8 37. Rc7 g3 38. Rxc2 Bxc2 39. Kg2 Bxa4 40. Bc3 Bc6+ 41. Kxg3 a4 1/2-1/2


[Site "https://www.chess.com"]